 Dungeon Crawl Stone Soup version 0.30-a0-722-g3e6e8c874d (webtiles) character file.

Game seed: 17907637412985137480

192 theblackgale the Ruffian (level 5, -1/44 HPs)
             Began as a Draconian Transmuter on Jan 27, 2023.
             Slain by a hornet (10 damage)
             ... on level 5 of the Dungeon.
             The game lasted 00:13:45 (1539 turns).

theblackgale the Ruffian (Draconian Transmuter)     Turns: 1539, Time: 00:13:45

Health: -1/44      AC:  9    Str: 11    XL:     5   Next: 42%
Magic:  8/8        EV: 12    Int: 13    God:
Gold:   116        SH:  0    Dex: 17    Spells: 7/8 levels left

rFire   . . .      SeeInvis .      - Unarmed
rCold   . . .      Faith    .    (no shield)
rNeg    . . .      Spirit   .    (body armour unavailable)
rPois   .          Reflect  .    (helmet currently unavailable)
rElec   .          Harm     .    (no cloak)
rCorr   .          Rampage  .    (no gloves)
Will    +....                    (boots currently unavailable)
Stlth   +++                      (no amulet)
HPRegen 0.27/turn                b - +4 ring of protection
MPRegen 0.11/turn                (no ring)

@: lethally poisoned (-1 -> -4), about to teleport, appendages (expiring),
slowed, very slow
A: horns 2, talons 2, AC +5, unfitting armour, cold-blooded, thin skeletal
structure 1, agile 1, strong-willed 1, robust 1, weak 1, wild magic 1
a: End Transformation


You were on level 5 of the Dungeon.
You had temporarily grown beastly horns and talons.
You visited 1 branch of the dungeon, and saw 5 of its levels.

You collected 116 gold pieces.

Inventory:

Jewellery
 b - a +4 ring of protection (left hand)
Scrolls
 c - a scroll of teleportation
Potions
 a - a potion of lignification


   Skills:
 + Level 1.5 Fighting
 + Level 2.1 Dodging
 + Level 0.7 Stealth
 + Level 4.5 Unarmed Combat
 + Level 2.4 Spellcasting
 + Level 3.7 Transmutations


You had 7 spell levels left.
You knew the following spells:

 Your Spells              Type           Power      Damage    Failure   Level
a - Beastly Appendage     Tmut           28%        N/A       9%          1

Your spell library contained the following spells:

 Spells                   Type           Power      Damage    Failure   Level
 Wereblood                Tmut           14%        N/A       12%         2
 Spider Form              Tmut/Pois      8%         N/A       43%         3
 Cigotuvi's Dreadful Rot  Necr/Pois/Air  4%         N/A       45%         2
 Poisonous Vapours        Pois/Air       4%         N/A       45%         2
 Mephitic Cloud           Conj/Pois/Air  2%         N/A       67%         3
 Ice Form                 Ice/Tmut       8%         N/A       82%         4


Dungeon Overview and Level Annotations

Branches:
Dungeon (5/15)
 Temple: D:4-7

Altars:
Okawaru
Qazlal

Shops:
D:4 ?   D:5 *


Innate Abilities, Weirdness & Mutations

You have temporarily grown beastly horns and talons.
Your plain brown scales are hard. (AC +5)
You cannot fit into any form of body armour.
You are cold-blooded and may be slowed by cold attacks.
You have a somewhat thin skeletal structure. (Dex +2, Stealth+)
You are agile. (Dex +4, Str/Int -1)
You are strong-willed. (Will+)
You are robust. (+10% HP)
You are weak. (Str -2)
Your spells are a little harder to cast, but a little more powerful.


Message History

The hound is almost dead.
The hound barely misses you.
You barely miss the hound. Your kick misses the hound.
Your headbutt misses the hound.
The hound is almost dead.
The hound completely misses you.
You closely miss the hound.
The hound is almost dead.
The hound closely misses you. The hound barely misses you.
You closely miss the hound. You claw the hound, but do no damage.
The hound is almost dead.
The hound closely misses you.
The hornet stings you but does no damage.
You hit the hound. You claw the hound, but do no damage.
Your headbutt misses the hound.
The hound is almost dead.
The hound bites you. The hornet completely misses you. The hound bites you.
You closely miss the hound. You headbutt the hound.
You kill the hound!
Your transformation is almost over.
The hornet barely misses you. The hornet stings you.
You feel yourself slow down.
You hit the hornet but do no damage. The hornet stings you!
You feel as though you will be slow longer.
The hornet stings you!
You suddenly lose the ability to move!
The hornet stings you.
* * * LOW HITPOINT WARNING * * *
You are poisoned.
You feel as though you will be slow longer.
You can move again.
As you read the scroll labelled POCEEG JEZYOSOIKOK, it crumbles to dust.
You feel strangely unstable.
It was a scroll of teleportation.
You feel very sick. The hornet barely misses you.
The hornet stings you but does no damage.
The hornet barely misses you.
You miss the hornet. Your kick misses the hornet. You headbutt the hornet.
The hornet is lightly wounded.
You feel sick. The hornet stings you!
You die...

## .. ####? #.#+#
....#### #.#.### #.....
#.#.... # # #.#y†# #.#...
.# ##### #. #.#.@##
#...###..# ....#
###.###.....####...'_'..#
###.#
#.........#(.......###..#
#.#
#.......#.......#......##
# #.#
#.....#####..##.##.....#
#.#
#.........#...#.#...####
#.# #.......#.#.#.......#
#.# #....##.#.#.##....#.#
# #.#
#....##.#...#..>..#.#


You could see a hornet.

Vanquished Creatures
  2 hounds (D:5)
  3 orc wizards (D:5)
  5 adders
  An ufetubus (D:5)
  2 orcs (D:5)
  4 endoplasms
  A giant cockroach (D:1)
  2 hobgoblins
  3 jackals (D:1)
  3 kobolds
  2 ball pythons (D:2)
28 creatures vanquished.

Notes
Turn   | Place    | Note
-------+----------+-------------------------------------------
     0 | D:1      | theblackgale the Draconian Transmuter began the quest for
                  | the Orb.
     0 | D:1      | Reached XP level 1. HP: 16/16 MP: 3/3
   113 | D:1      | Reached XP level 2. HP: 21/23 MP: 3/5
   311 | D:2      | Gained mutation: You are agile. (Dex +4, Str/Int -1)
                  | [potion of mutation]
   311 | D:2      | Gained mutation: Your spells are a little harder to cast,
                  | but a little more powerful. [potion of mutation]
   311 | D:2      | Gained mutation: You have hidden genetic potential. [potion
                  | of mutation]
   311 | D:2      | Gained mutation: Your tail ends in a venomous barb. [potion
                  | of mutation]
   312 | D:2      | Lost mutation: You have hidden genetic potential. [potion
                  | of mutation]
   312 | D:2      | Lost mutation: Your tail ends in a venomous barb. [potion
                  | of mutation]
   312 | D:2      | Gained mutation: You are robust. (+10% HP) [potion of
                  | mutation]
   312 | D:2      | Gained mutation: You are weak. (Str -2) [potion of
                  | mutation]
   312 | D:2      | Gained mutation: You have a somewhat thin skeletal
                  | structure. (Dex +2, Stealth+) [potion of mutation]
   312 | D:2      | Gained mutation: You are strong-willed. (Will+) [potion of
                  | mutation]
   349 | D:3      | Reached XP level 3. HP: 30/30 MP: 4/6
   869 | D:4      | Found Dalodargh's Magic Scroll Boutique.
   956 | D:5      | Entered Level 5 of the Dungeon
   990 | D:5      | Reached skill level 4 in Unarmed Combat
   992 | D:5      | Reached XP level 4. HP: 38/38 MP: 5/7
  1336 | D:5      | Noticed a water elemental
  1337 | D:5      | Found a stormy altar of Qazlal.
  1346 | D:5      | Noticed an air elemental
  1349 | D:5      | Noticed an earth elemental
  1349 | D:5      | Noticed a fire elemental
  1382 | D:5      | Reached XP level 5. HP: 39/44 MP: 6/8
  1400 | D:5      | Found Sahaf's Elemental Accessories.
  1507 | D:5      | Found an iron altar of Okawaru.
  1529 | D:5      | Noticed a hornet
  1536 | D:5      | Paralysed by a hornet for 2 turns
  1539 | D:5      | Slain by a hornet

Illustrated notes

Levels and vault maps discovered:
D:1:      psy_arrival_spokes, layout_loops_ring
D:2:      layout_rooms
D:3:      layout_loops_cross, uniq_natasha
D:4:      layout_loops_corners, mainiacjoe_overflow_alcove_2,
          minmay_temple_entry_poolview, serial_shops, nicolae_shop_crystal,
          chequers_serial_rivers_micro_d, lightli_minifort
D:5:      layout_basic, nicolae_qazlal_style_of_elements, kennysheep_mini_moat,
          nicolae_elemental_shop, minmay_a_box_with_orc_wizards_in_it,
          uniq_sigmund

Skill      XL: |  1  2  3  4 |
---------------+-------------+-----
Dodging        | 2 |  2.1
Unarmed Combat | 4 |  4.5
Transmutations | 3 |  3.7
Fighting       | |  1.5
Stealth        | |  0.7
Spellcasting   | |  2.4

Action                     |  1- 3 |  4- 6 || total
---------------------------+-------+-------++-------
  Melee: Unarmed           |    72 |    36 ||   108
         Kick              |    22 |     5 ||    27
         Headbutt          |    10 |     5 ||    15
         Tailslap          |     3 |     4 ||     7
         Punch             |       |     3 ||     3
  Throw: Throwing net      |     1 |       ||     1
   Cast: Beastly Appendage |    21 |     4 ||    25
    Use: Potion            |     3 |     1 ||     4
         Scroll            |     3 |     1 ||     4
   Stab: Invisible         |     2 |       ||     2
         Sleeping          |     1 |     2 ||     3
 Armour: Skin              |    17 |    10 ||    27
  Dodge: Dodged            |    41 |    23 ||    64

Table legend: (Time is in decaauts)
 A = Elapsed time spent in this place.
 B = Non-inter-level travel time spent in this place.
 C = Inter-level travel time spent in this place.
 D = Time resting spent in this place.
 E = Time spent auto-exploring this place.
 F = Levels seen in this place.
 G = Mean time per level.
                   A        B        C        D        E       F      G
               +--------+--------+--------+--------+--------+-----+--------+
         Total |   1533 |   1010 |    523 |    740 |      0 |   5 |  306.6 |
       Dungeon |   1533 |   1010 |    523 |    740 |      0 |   5 |  306.6 |
               +--------+--------+--------+--------+--------+-----+--------+

Top non-repeatable levels by time:
     D:5: 580 daAuts
     D:4: 578 daAuts
     D:2: 195 daAuts
     D:1: 116 daAuts
     D:3: 63 daAuts
